 Dungeon Crawl Stone Soup version 0.28.0-53-g5a82cb258f (webtiles) character file.

Game seed: 15822151004459124285

1966 PentaManta the Grappler (level 9, -4/91 HPs)
             Began as a Troll Abyssal Knight on June 6, 2022.
             Was an Elder of Lugonu.
             Asphyxiated
             ... on level 3 of the Dungeon.
             The game lasted 00:11:00 (5049 turns).

PentaManta the Grappler (Troll Abyssal Knight)      Turns: 5049, Time: 00:11:03

Health: -4/91      AC:  5    Str: 23    XL:     9   Next: 0%
Magic:  10/11      EV: 10    Int: 10    God:    Lugonu [****..]
Gold:   373        SH:  0    Dex: 16    Spells: 8/8 levels left

rFire   . . .      SeeInvis .     - Unarmed
rCold   . . .      Faith    .   (no shield)
rNeg    + . .      Spirit   .   n - +1 robe {rN+}
rPois   .          Reflect  .   (helmet restricted)
rElec   .          Harm     .   (no cloak)
rCorr   .          Rampage  .   (gloves unavailable)
Will    .....                   (boots unavailable)
Stlth   +.........              (no amulet)
HPRegen 1.05/turn               u - +6 ring of dexterity
MPRegen 0.12/turn               (no ring)

@: lethally poisoned (-4 -> -26)
A: large, unfitting armour, claws 3, regeneration 1, shaggy fur 1, tough skin 1
a: Renounce Religion, Depart the Abyss, Bend Space, Banish, Corrupt


You were on level 3 of the Dungeon.
You worshipped Lugonu.
Lugonu was greatly pleased with you.
You visited 1 branch of the dungeon, and saw 6 of its levels.
You visited the Abyss 1 time.

You collected 373 gold pieces.

Inventory:

Hand Weapons
 k - a +0 morningstar
 p - a +2 antimagic flail
 s - a +1 dire flail
 t - a +3 flail
 v - a +2 flail of venom
Missiles
 f - 3 large rocks (quivered)
 q - 15 poisoned darts
Armour
 a - a +0 robe
 n - a +1 robe of positive energy (worn)
Jewellery
 u - a +6 ring of dexterity (left claw)
Wands
 d - a wand of polymorph (12)
 r - a wand of iceblast (5)
Scrolls
 e - a scroll of torment {unknown}
 g - 4 scrolls of teleportation {unknown}
 h - 3 scrolls of enchant armour {unknown}
 l - 2 scrolls of blinking {unknown}
 x - a scroll of vulnerability {unknown}
 y - a scroll of identify {unknown}
Potions
 b - 3 potions of lignification
 c - a potion of brilliance
 i - 2 potions of heal wounds {unknown}
 j - a potion of haste {unknown}
 m - a potion of might
 w - a potion of attraction {unknown}
 z - a potion of berserk rage {unknown}
 A - a potion of ambrosia {unknown}


   Skills:
 + Level 6.3 Fighting
 - Level 1.9 Dodging
 - Level 8.1 Unarmed Combat
 + Level 4.8 Invocations


You had 8 spell levels left.
You didn't know any spells.
Your spell library contained the following spells:

 Spells                   Type           Power      Damage    Failure   Level
 Summon Guardian Golem    Hex/Summ       0%         N/A       75%         3
 Hailstorm                Conj/Ice       0%         3d3       98%         4
 Ice Form                 Ice/Tmut       0%         N/A       98%         4
 Simulacrum               Ice/Necr       0%         N/A       100%        6
 Orb of Destruction       Conj           0%         9d5       100%        7
 Spellforged Servitor     Conj/Summ      0%         N/A       100%        7


Dungeon Overview and Level Annotations

Branches:
Dungeon (6/15)
 Temple: D:4-7

Altars:
Sif Muna
Vehumet
Xom
Yredelemnul


Innate Abilities, Weirdness & Mutations

You are too large for most types of armour.
You have claws for hands.
Your natural rate of healing is unusually fast.
You are covered in fur. (AC +1)
You have tough skin. (AC +1)


Message History

You feel sick. Peloso's ghost hits you!
* * * LOW HITPOINT WARNING * * *
Peloso's ghost hits you but does no damage.
You barely miss Peloso's ghost. Your claw misses Peloso's ghost.
Peloso's ghost is almost destroyed.
You feel sick. Peloso's ghost barely misses you.
You claw Peloso's ghost!
You destroy Peloso's ghost!
Lugonu accepts your kill.
You feel sick.
You are no longer poisoned.
Your life force feels restored.
You have reached level 9!
Your experience leads to an increase in your attributes!
Your base attributes are Str 22, Int 8, Dex 10.
Increase (S)trength, (I)ntelligence, or (D)exterity?
You feel clever. x2; You feel stronger.
You scratch the kobold.
The kobold is moderately wounded.
The kobold hits you but does no damage.
You scratch the kobold brigand.
The kobold brigand is lightly wounded.
You feel yourself speed up.
The kobold brigand hits you with a +2 short sword of venom!
* * * LOW HITPOINT WARNING * * *
You claw the kobold brigand! Your claw misses the kobold brigand.
The kobold brigand is heavily wounded.
The kobold brigand hits you with a +2 short sword of venom.
* * * LOW HITPOINT WARNING * * *
You are poisoned.
Okay, then.
Okay, then.
Space bends around you!
You blink.
* * * LOW HITPOINT WARNING * * *
You feel very sick.
The kobold brigand throws a curare-tipped dart.
The curare-tipped dart hits you.
You are more poisoned.
You have difficulty breathing.
You die...

.......##..........####.##.......
.......##.............#.##.....##
.......##...[......##.#.##.....##
.....................)..>........
.......#####..###...#.#.##.#####.
.......# #..#####.#......# #.
.....### #........###.#########
...#.# ###.#......# #..........
...#.## #.._...@...#############
...#..# ##.#.#........§KK##
...##.###..#.......#####K.#####
..........<.....).....(..##.⌠.##
........................K#.#.#.##
.........................'..#...#
.........................'.....$#
.........................'..#...#
.........................#.#.#.##


You could see a kobold brigand.

Vanquished Creatures
  Sigmund (D:2)
  A sky beast (D:5)
  An ice beast (D:5)
  The ghost of Peloso the Covered, an amateur MiFi (D:3)
  A necrophage (D:5)
  A centaur (D:6)
  An ogre (D:6)
  A kobold brigand (D:6)
  A wyvern zombie (D:6)
  A gnoll sergeant (D:3)
  5 wights (D:6)
  A howler monkey (D:5)
  A bullfrog zombie (D:5)
  A centaur skeleton (D:5)
  A hound (D:5)
  3 orc priests
  3 iguanas
  Natasha (thrice) (D:3)
  6 orc wizards
  Terence (D:3)
  15 gnolls
  12 adders
  2 shadow imps (D:5)
  An adder skeleton (D:4)
  A worm (D:5)
  2 dart slugs
  8 orcs
  9 endoplasms
  3 giant cockroaches
  7 hobgoblins
  3 jackals (D:2)
  2 quokkas
  7 ball pythons
  6 bats
  4 frilled lizards
  3 goblins
  22 kobolds
  6 rats
148 creatures vanquished.

Notes
Turn   | Place    | Note
-------+----------+-------------------------------------------
     0 | Abyss:1  | PentaManta the Troll Abyssal Knight began the quest for the
                  | Orb.
     0 | Abyss:1  | Reached XP level 1. HP: 22/22 MP: 1/1
     0 | D:1      | Escaped the Abyss
   362 | D:1      | Reached * piety under Lugonu
   363 | D:1      | Reached XP level 2. HP: 29/29 MP: 2/2
   531 | D:2      | Reached skill level 3 in Unarmed Combat
   758 | D:2      | Reached XP level 3. HP: 36/36 MP: 3/3
   789 | D:2      | Noticed Sigmund
  1059 | D:2      | HP: 1/36 [something (10)]
  1067 | D:2      | Killed Sigmund
  1068 | D:2      | Reached skill level 5 in Unarmed Combat
  1068 | D:2      | Reached XP level 4. HP: 13/44 MP: 4/4
  1068 | D:2      | Reached XP level 5. HP: 15/50 MP: 5/5
  1135 | D:2      | Reached skill level 6 in Unarmed Combat
  1339 | D:2      | Found a shimmering blue altar of Sif Muna.
  1374 | D:2      | Found a faded altar of an unknown god.
  1542 | D:2      | Reached XP level 6. HP: 51/59 MP: 6/6
  1934 | D:3      | Found a radiant altar of Vehumet.
  1950 | D:3      | Reached ** piety under Lugonu
  1970 | D:3      | Found a runed translucent gate.
  1970 | D:3      | Found a runed translucent gate.
  1970 | D:3      | Found a runed translucent gate.
  1973 | D:3      | Noticed Peloso's ghost (amateur MiFi)
  2007 | D:3      | Noticed Natasha
  2012 | D:3      | Noticed Terence
  2013 | D:3      | Killed Natasha
  2024 | D:3      | Killed Terence
  2024 | D:3      | Noticed Natasha
  2029 | D:3      | Killed Natasha
  2168 | D:3      | Noticed Natasha
  2176 | D:3      | Killed Natasha
  2300 | D:3      | Reached skill level 7 in Unarmed Combat
  2390 | D:3      | You fall into a shaft and drop 3 floors!
  2517 | D:6      | Reached XP level 7. HP: 67/67 MP: 7/7
  2840 | D:6      | Reached skill level 8 in Unarmed Combat
  2852 | D:6      | Reached XP level 8. HP: 23/78 MP: 8/8
  2940 | D:6      | Reached *** piety under Lugonu
  3185 | D:5      | Entered Level 5 of the Dungeon
  3192 | D:5      | Reached skill level 5 in Fighting
  3337 | D:5      | Found a shimmering altar of Xom.
  4340 | D:4      | Found a basalt altar of Yredelemnul.
  4731 | D:4      | Reached **** piety under Lugonu
  5045 | D:3      | Killed Peloso's ghost
  5046 | D:3      | Reached XP level 9. HP: 18/91 MP: 11/11
  5049 | D:3      | HP: 4/91 [poisoned by a kobold brigand]
  5049 | D:3      | Asphyxiated

Illustrated notes

Levels and vault maps discovered:
D:1:      evilmike_arrival_fibonacci_small, layout_rooms
D:2:      layout_basic, basic_altar, shapermc_ecumenical_altar_mp_highgroup,
          minmay_misc_feat_five, minmay_split_cup_large, uniq_sigmund
D:3:      layout_basic, lemuel_crystal_altar, gammafunk_ghost_nasty_kobolds,
          uniq_terence, uniq_natasha
D:4:      layout_basic, lemuel_tele_altar
D:5:      layout_cave_pods, lemuel_round_altar
D:6:      layout_cave_pools, nrook_mini_vaults

Skill      XL: |  1  2  3  4  5  6  7  8 |
---------------+-------------------------+-----
Unarmed Combat | 3 5 6 7 8 |  8.1
Fighting       | 3 4 6 |  6.3
Invocations    | 4 |  4.8
Dodging        | |  1.9

Action                   |  1- 3 |  4- 6 |  7- 9 || total
-------------------------+-------+-------+-------++-------
Melee: Unarmed           |    77 |   132 |   202 ||   411
       Punch             |     2 |     3 |     9 ||    14
Throw: Large rock        |       |     5 |     3 ||     8
       Dart              |       |       |     1 ||     1
Invok: Depart the Abyss  |     1 |       |       ||     1
       Bend Space        |       |       |     1 ||     1
  Use: Potion            |     2 |       |     1 ||     3
 Stab: Sleeping          |     2 |       |     1 ||     3
Armor: Robe              |    19 |    40 |    38 ||    97
       Skin              |     2 |    16 |       ||    18
Dodge: Dodged            |    29 |    70 |    75 ||   174
